NYP
CONNECTICUT TIGERS @ LOWELL SPINNERS
09/15/2044
 
TOP OF THE 1ST
Connecticut Tigers batting - Pitching for Lowell Spinners : LHP Eric Del Sordo
Pitching: LHP Eric Del Sordo
Batting: RHB Brandon O'Malley 0-0: Swinging Strike
0-1: Called Strike
0-2: Ball
1-2: SINGLE (Line Drive, 9S, EV 91.9 MPH)
Batting: RHB Aaron Cusick 0-0: Called Strike
0-1: Ball
1-1: Foul Ball, location: 2F
1-2: Strikes out looking
Batting: RHB Tanner Purchase 0-0: Ball
1-0: Ball
2-0: Reached on error, E6 (Popup, 6M, EV 56.2 MPH)
Brandon O'Malley to second
Batting: RHB Eric Angelle 0-0: Ball
1-0: Called Strike
1-1: Swinging Strike
1-2: Strikes out swinging
Batting: SHB Sean Foley 0-0: Swinging Strike
0-1: Foul Ball, location: 2F
0-2: Strikes out swinging
Top of the 1st over - 0 runs, 1 hit, 1 error, 2 left on base; Connecticut 0 - Lowell 0
BOTTOM OF THE 1ST
Lowell Spinners batting - Pitching for Connecticut Tigers : RHP Juan Murillo
Pitching: RHP Juan Murillo
Batting: RHB Larry Brocato 0-0: Ball
1-0: Ball
2-0: Foul Ball, location: 2F
2-1: Swinging Strike
2-2: Foul Ball, location: 2F
2-2: Foul Ball, location: 2F
2-2: Ball
3-2: Foul Ball, location: 2F
3-2: Ground out 6-3 (Groundball, 6, EV 88.1 MPH)
Batting: RHB Billy Ratz 0-0: Called Strike
0-1: Ball
1-1: Ball
2-1: Ball
3-1: Fly out, F8 (Flyball, 8LD, EV 91.9 MPH)
Batting: LHB Sergio Tinoco 0-0: Ball
1-0: Ball
2-0: Ball
3-0: Called Strike
3-1: Foul Ball, location: 2F
3-2: Base on Balls
Batting: LHB Nelis Geurts 0-0: Called Strike
0-1: Ball
1-1: Ball
2-1: Called Strike
2-2: Ground out 5-3 (Groundball, 56S, EV 81.2 MPH)
Bottom of the 1st over - 0 runs, 0 hits, 0 errors, 1 left on base; Connecticut 0 - Lowell 0
TOP OF THE 2ND
Connecticut Tigers batting - Pitching for Lowell Spinners : LHP Eric Del Sordo
Batting: RHB Jordan Hall 0-0: Ball
1-0: Swinging Strike
1-1: SINGLE (Groundball, 34S, EV 85.0 MPH) (infield hit)
Batting: RHB Eric Blaha 0-0: DOUBLE (Line Drive, 7LD, EV 102.5 MPH)
Jordan Hall to third
Batting: LHB Tokugoro Adachi 0-0: Ball
1-0: Ball
2-0: Ball
3-0: Foul Ball, location: 2F
3-1: DOUBLE (Line Drive, 7LS, EV 108.1 MPH)
Jordan Hall scores
Eric Blaha scores
Batting: RHB Jeremy Guidone 0-0: Ball
1-0: Foul Ball, location: 2F
1-1: Foul Ball, location: 2F
1-2: Strikes out swinging
Batting: RHB Brandon O'Malley 0-0: Ball
1-0: Ball
2-0: Ground out 1-3 (Groundball, 15, EV 69.4 MPH)
Batting: RHB Aaron Cusick 0-0: SINGLE (Line Drive, 78S, EV 89.4 MPH)
Tokugoro Adachi to third
Runner from 3rd tries for Home, SAFE, throw by CF to home
Batting: RHB Tanner Purchase 0-0: Ball
1-0: Fly out, F9 (Line Drive, 9, EV 98.1 MPH)
Top of the 2nd over - 3 runs, 4 hits, 0 errors, 1 left on base; Connecticut 3 - Lowell 0
BOTTOM OF THE 2ND
Lowell Spinners batting - Pitching for Connecticut Tigers : RHP Juan Murillo
Batting: RHB Paul Long 0-0: Ball
1-0: Ball
2-0: SINGLE (Groundball, 6MD, EV 97.5 MPH)
Batting: RHB William Lung 0-0: Ball
1-0: Ball
2-0: Foul Ball, location: 2F
2-1: Ball
3-1: Foul Ball, location: 2F
3-2: Fielders Choice at 2nd, 4-6 (Groundball, 34, EV 82.5 MPH)
Batting: RHB Josh Helman 0-0: Ball
1-0: Foul Ball, location: 2F
1-1: Ball
2-1: SINGLE (Groundball, 4MD, EV 110.6 MPH)
William Lung to second
Runner from 2nd tries for 3rd, OUT after rundown.
Batting: RHB Bobby Schimke 0-0: Ball
1-0: Ball
2-0: Foul Ball, location: 2F
2-1: Fly out, F9 (Flyball, 9LM, EV 88.1 MPH)
Bottom of the 2nd over - 0 runs, 2 hits, 0 errors, 1 left on base; Connecticut 3 - Lowell 0
TOP OF THE 3RD
Connecticut Tigers batting - Pitching for Lowell Spinners : LHP Eric Del Sordo
Batting: RHB Eric Angelle 0-0: Ball
1-0: Ball
2-0: Foul Ball, location: 2F
2-1: Swinging Strike
2-2: Strikes out swinging
Batting: SHB Sean Foley 0-0: Foul Ball, location: 2F
0-1: Ball
1-1: DOUBLE (Line Drive, 89D, EV 110.6 MPH)
Batting: RHB Jordan Hall 0-0: Ball
1-0: Foul Ball, location: 2F
1-1: Called Strike
1-2: Foul Ball, location: 2F
1-2: Foul Ball, location: 2F
1-2: Foul Ball, location: 2F
1-2: SINGLE (Line Drive, 9S, EV 98.1 MPH)
Sean Foley to third
Runner from 3rd tries for Home, SAFE, throw by RF to home
Batting: RHB Eric Blaha 0-0: Called Strike
0-1: SINGLE (Groundball, 56S, EV 99.4 MPH)
Jordan Hall to second
Batting: LHB Tokugoro Adachi 0-0: Called Strike
0-1: Ball
1-1: Called Strike
1-2: Ball
2-2: Foul Ball, location: 2F
2-2: Strikes out swinging
Batting: RHB Jeremy Guidone 0-0: Called Strike
0-1: Fly out, F9 (Flyball, 9, EV 83.1 MPH)
Top of the 3rd over - 1 run, 3 hits, 0 errors, 2 left on base; Connecticut 4 - Lowell 0
BOTTOM OF THE 3RD
Lowell Spinners batting - Pitching for Connecticut Tigers : RHP Juan Murillo
Batting: RHB Nick Ameen 0-0: Ball
1-0: Ground out 6-3 (Groundball, 56, EV 91.2 MPH)
Batting: RHB Larry Brocato 0-0: Ball
1-0: Foul Ball, location: 2F
1-1: Ball
2-1: Swinging Strike
2-2: Strikes out swinging
Batting: RHB Billy Ratz 0-0: Ball
1-0: Ball
2-0: Foul Ball, location: 2F
2-1: Called Strike
2-2: Ball
3-2: Strikes out swinging
Bottom of the 3rd over - 0 runs, 0 hits, 0 errors, 0 left on base; Connecticut 4 - Lowell 0
TOP OF THE 4TH
Connecticut Tigers batting - Pitching for Lowell Spinners : LHP Eric Del Sordo
Batting: RHB Brandon O'Malley 0-0: Called Strike
0-1: Swinging Strike
0-2: Strikes out looking
Batting: RHB Aaron Cusick 0-0: Called Strike
0-1: Ground out 2-3 (Groundball, 2L, EV 68.8 MPH)
Batting: RHB Tanner Purchase 0-0: Called Strike
0-1: Ball
1-1: Ball
2-1: TRIPLE (Flyball, 89XD, EV 110.0 MPH)
Batting: RHB Eric Angelle 0-0: Ball
1-0: Fly out, F9 (Flyball, 89D, EV 105.6 MPH)
Top of the 4th over - 0 runs, 1 hit, 0 errors, 1 left on base; Connecticut 4 - Lowell 0
BOTTOM OF THE 4TH
Lowell Spinners batting - Pitching for Connecticut Tigers : RHP Juan Murillo
Batting: LHB Sergio Tinoco 0-0: Fly out, F7 (Flyball, 78D, EV 95.6 MPH)
Batting: LHB Nelis Geurts 0-0: Foul Ball, location: 2F
0-1: Called Strike
0-2: Ball
1-2: Ball
2-2: Ball
3-2: Strikes out swinging
Batting: RHB Paul Long 0-0: Ball
1-0: Ball
2-0: Called Strike
2-1: DOUBLE (Flyball, 8LXD, EV 107.5 MPH)
Batting: RHB William Lung 0-0: SINGLE (Groundball, 5S, EV 66.9 MPH) (infield hit)
Paul Long to third
Batting: RHB Josh Helman 0-0: Ball
1-0: Ball
2-0: Called Strike
2-1: Foul Ball, location: 2F
2-2: Ball
3-2: Strikes out swinging
Bottom of the 4th over - 0 runs, 2 hits, 0 errors, 2 left on base; Connecticut 4 - Lowell 0
TOP OF THE 5TH
Connecticut Tigers batting - Pitching for Lowell Spinners : LHP Eric Del Sordo
Batting: SHB Sean Foley 0-0: Called Strike
0-1: Foul Ball, location: 2F
0-2: Strikes out swinging
Batting: RHB Jordan Hall 0-0: Called Strike
0-1: Ball
1-1: SINGLE (Groundball, 4MD, EV 104.4 MPH)
Batting: RHB Eric Blaha 0-0: Called Strike
0-1: Ball
1-1: Foul Ball, location: 2F
1-2: Grounds out, U3 (Groundball, 3L, EV 87.5 MPH)
Batting: LHB Tokugoro Adachi 0-0: Swinging Strike
0-1: Foul Ball, location: 2F
0-2: Strikes out swinging
Top of the 5th over - 0 runs, 1 hit, 0 errors, 1 left on base; Connecticut 4 - Lowell 0
BOTTOM OF THE 5TH
Lowell Spinners batting - Pitching for Connecticut Tigers : RHP Juan Murillo
Batting: RHB Bobby Schimke 0-0: Called Strike
0-1: Ball
1-1: Ball
2-1: Called Strike
2-2: Strikes out swinging
Batting: RHB Nick Ameen 0-0: Ball
1-0: Ball
2-0: Foul Ball, location: 2F
2-1: Ball
3-1: Called Strike
3-2: DOUBLE (Flyball, 89D, EV 104.4 MPH)
Batting: RHB Larry Brocato 0-0: Called Strike
0-1: Ball
1-1: Ball
2-1: Called Strike
2-2: Fly out, F8 (Flyball, 8RM, EV 75.0 MPH)
Batting: RHB Billy Ratz 0-0: Ball
1-0: Foul Ball, location: 2F
1-1: Called Strike
1-2: Foul Ball, location: 2F
1-2: Ball
2-2: Ball
3-2: Strikes out swinging
Bottom of the 5th over - 0 runs, 1 hit, 0 errors, 1 left on base; Connecticut 4 - Lowell 0
TOP OF THE 6TH
Connecticut Tigers batting - Pitching for Lowell Spinners : LHP Eric Del Sordo
Pitching: RHP Ricardo Bautista
Batting: RHB Jeremy Guidone 0-0: Foul Ball, location: 2F
0-1: Ball
1-1: Ball
2-1: Ball
3-1: Called Strike
3-2: Foul Ball, location: 2F
3-2: Foul Ball, location: 2F
3-2: Base on Balls
Batting: RHB Brandon O'Malley 0-0: Called Strike
0-1: Ball
1-1: Called Strike
1-2: Ball
2-2: Strikes out swinging
Batting: RHB Aaron Cusick 0-0: Called Strike
0-1: Foul Ball, location: 2F
0-2: Fly out, F3 (Popup, 3SF, EV 75.0 MPH)
Batting: RHB Tanner Purchase 0-0: Called Strike
0-1: Foul Ball, location: 2F
0-2: Strikes out swinging
Top of the 6th over - 0 runs, 0 hits, 0 errors, 1 left on base; Connecticut 4 - Lowell 0
BOTTOM OF THE 6TH
Lowell Spinners batting - Pitching for Connecticut Tigers : RHP Juan Murillo
Pitching: RHP Matt Sturge
Batting: LHB Sergio Tinoco 0-0: Ball
1-0: SINGLE (Groundball, 25, EV 66.9 MPH) (infield hit)
Batting: LHB Nelis Geurts 0-0: Called Strike
Sergio Tinoco is caught stealing 2nd base 2-6
0-1: Ball
1-1: Ball
2-1: Called Strike
2-2: Ground out 4-3 (Groundball, 4, EV 101.2 MPH)
Batting: RHB Paul Long 0-0: Swinging Strike
0-1: Ball
1-1: Ball
2-1: Ground out 6-3 (Groundball, 6, EV 105.0 MPH)
Bottom of the 6th over - 0 runs, 1 hit, 0 errors, 0 left on base; Connecticut 4 - Lowell 0
TOP OF THE 7TH
Connecticut Tigers batting - Pitching for Lowell Spinners : RHP Ricardo Bautista
Pitching: RHP Jimmy Scali
Batting: RHB Eric Angelle 0-0: SINGLE (Groundball, 6MD, EV 100.6 MPH)
Batting: SHB Sean Foley 0-0: Ball
Eric Angelle steals 2nd, throwing error, E2
Eric Angelle to third
1-0: Ball
2-0: Ball
3-0: Base on Balls
Batting: RHB Jordan Hall 0-0: Ball
Sean Foley steals 2nd base (no throw)
1-0: Ball
2-0: Foul Ball, location: 2F
2-1: 3-RUN HOME RUN (Line Drive, 7LD, EV 94.4 MPH), Distance : 357 ft
Batting: RHB Eric Blaha 0-0: Foul Ball, location: 2F
0-1: Called Strike
0-2: Strikes out looking
Batting: LHB Tokugoro Adachi 0-0: Foul Ball, location: 2F
0-1: Ball
1-1: Called Strike
1-2: Strikes out looking
Batting: RHB Jeremy Guidone 0-0: Ball
1-0: Ball
2-0: Ball
3-0: Base on Balls
Batting: RHB Brandon O'Malley 0-0: Called Strike
0-1: Fly out, F3 (Flyball, 3D, EV 82.5 MPH)
Top of the 7th over - 3 runs, 2 hits, 1 error, 1 left on base; Connecticut 7 - Lowell 0
BOTTOM OF THE 7TH
Lowell Spinners batting - Pitching for Connecticut Tigers : RHP Matt Sturge
Batting: RHB William Lung 0-0: Called Strike
0-1: Ball
1-1: Ball
2-1: Swinging Strike
2-2: Strikes out looking
Batting: RHB Josh Helman 0-0: Ball
1-0: Ball
2-0: Ball
3-0: Ground out 6-3 (Groundball, 6MS, EV 80.6 MPH)
Batting: RHB Bobby Schimke 0-0: Called Strike
0-1: Called Strike
0-2: Ball
1-2: Foul Ball, location: 2F
1-2: Foul Ball, location: 2F
1-2: Ball
2-2: SINGLE (Groundball, 6MD, EV 105.6 MPH)
Pinch Hitting: RHB Jose Conde 0-0: Ball
1-0: Fielders Choice at 2nd, U6 (Groundball, 6M, EV 89.4 MPH)
Bottom of the 7th over - 0 runs, 1 hit, 0 errors, 1 left on base; Connecticut 7 - Lowell 0
TOP OF THE 8TH
Connecticut Tigers batting - Pitching for Lowell Spinners : RHP Jimmy Scali
Now at 3B: Jose Conde
Batting: RHB Aaron Cusick 0-0: Swinging Strike
0-1: Ball
1-1: Foul Ball, location: 2F
1-2: Strikes out swinging
Batting: RHB Tanner Purchase 0-0: Ball
1-0: Ball
2-0: Called Strike
2-1: Ground out 4-3 (Groundball, 4S, EV 85.0 MPH)
Batting: RHB Eric Angelle 0-0: Ball
1-0: Ball
2-0: Ball
3-0: Foul Ball, location: 2F
3-1: Base on Balls
Batting: SHB Sean Foley 0-0: Called Strike
0-1: Swinging Strike
0-2: Ball
1-2: Ball
2-2: Strikes out swinging
Top of the 8th over - 0 runs, 0 hits, 0 errors, 1 left on base; Connecticut 7 - Lowell 0
BOTTOM OF THE 8TH
Lowell Spinners batting - Pitching for Connecticut Tigers : RHP Matt Sturge
Pitching: RHP Eddie Hodgson
Batting: RHB Larry Brocato 0-0: Ball
1-0: Ground out 5-3 (Groundball, 5, EV 100.0 MPH)
Batting: RHB Billy Ratz 0-0: Called Strike
0-1: Ground out 1-3 (Groundball, 13S, EV 61.2 MPH)
Batting: LHB Sergio Tinoco 0-0: Fly out, F9 (Flyball, 9S, EV 81.9 MPH)
Bottom of the 8th over - 0 runs, 0 hits, 0 errors, 0 left on base; Connecticut 7 - Lowell 0
TOP OF THE 9TH
Connecticut Tigers batting - Pitching for Lowell Spinners : RHP Jimmy Scali
Batting: RHB Jordan Hall 0-0: Foul Ball, location: 2F
0-1: Foul Ball, location: 2F
0-2: Strikes out swinging
Batting: RHB Eric Blaha 0-0: Ball
1-0: Ball
2-0: Called Strike
2-1: Ball
3-1: Swinging Strike
3-2: Strikes out swinging
Batting: LHB Tokugoro Adachi 0-0: Called Strike
0-1: SINGLE (Flyball, 78S, EV 87.5 MPH)
Batting: RHB Jeremy Guidone 0-0: Ball
1-0: Ball
2-0: Ball
3-0: Called Strike
3-1: Foul Ball, location: 2F
3-2: Base on Balls
Tokugoro Adachi to second
Pitching: LHP Bryan Schaffer
Batting: RHB Brandon O'Malley 0-0: Called Strike
0-1: SINGLE (Flyball, 4D, EV 88.1 MPH)
Tokugoro Adachi to third
Jeremy Guidone to second
Runner from 3rd tries for Home, SAFE, throw by RF to home
Pitching: RHP Jeremy Seitz
Batting: RHB Aaron Cusick 0-0: Ball
1-0: Ball
2-0: Ball
3-0: Base on Balls
Jeremy Guidone to third
Brandon O'Malley to second
Batting: RHB Tanner Purchase 0-0: Ground out U3 (Groundball, 34, EV 98.8 MPH)
Top of the 9th over - 1 run, 2 hits, 0 errors, 3 left on base; Connecticut 8 - Lowell 0
BOTTOM OF THE 9TH
Lowell Spinners batting - Pitching for Connecticut Tigers : RHP Eddie Hodgson
Pinch Hitting: RHB Greg Shkolnik 0-0: Called Strike
0-1: Ball
1-1: Ball
2-1: Ground out 4-3 (Groundball, 4S, EV 72.5 MPH)
Pinch Hitting: SHB Jared Snyder 0-0: Ball
1-0: Foul Ball, location: 2F
1-1: Swinging Strike
1-2: Foul Ball, location: 2F
1-2: Ball
2-2: Foul Ball, location: 2F
2-2: Foul Ball, location: 2F
2-2: Strikes out looking
Batting: RHB William Lung 0-0: Called Strike
0-1: Ball
1-1: Ball
2-1: Foul Ball, location: 2F
2-2: Strikes out swinging
Bottom of the 9th over - 0 runs, 0 hits, 0 errors, 0 left on base; Connecticut 8 - Lowell 0
Thursday, March 31st , 2022 - OOTP Baseball 22.12 Build 89